 Dungeon Crawl Stone Soup version 0.22-a0-305-gd21a89c (webtiles) character file.

168 Auros the Chopper (level 5, 0/46 HPs)
             Began as a Minotaur Fighter on Mar 30, 2018.
             Was an Initiate of Okawaru.
             Succumbed to Caerwyn's ghost's poison
             ... on level 3 of the Dungeon.
             The game lasted 00:07:50 (1672 turns).

Auros the Chopper (Minotaur Fighter)                Turns: 1672, Time: 00:07:51

Health: 0/46       AC:  7    Str: 20    XL:     5   Next: 24%
Magic:  4/4        EV:  7    Int:  5    God:    Okawaru [......]
Gold:   110        SH:  0    Dex: 11    Spells: 4/4 levels left

rFire    + . .     SeeInvis .   a - +0 war axe
rCold    + . .     Gourm    .   c - +0 shield
rNeg     . . .     Faith    .   i - +0 scale mail
rPois    +         Spirit   .   (helmet restricted)
rElec    +         Reflect  .   (no cloak)
rCorr    +         Harm     .   (no gloves)
MR       .....                  (no boots)
Stlth    ..........             (no amulet)
HPRegen  0.15/turn              (no ring)
MPRegen  0.09/turn              (no ring)

@: confused, lethally poisoned (0 -> -31), resistant
A: retaliatory headbutt, horns 2
a: Renounce Religion


You were on level 3 of the Dungeon.
You worshipped Okawaru.
Okawaru was noncommittal.
You were not hungry.

You visited 1 branch of the dungeon, and saw 3 of its levels.

You collected 110 gold pieces.

Inventory:

Hand Weapons
 a - a +0 war axe (weapon)
Missiles
 e - 53 stones
 g - 19 bolts
 h - 20 poisoned needles
 p - 2 exploding tomahawks (quivered)
 u - 18 sling bullets
Armour
 b - a +0 scale mail
 c - a +0 shield (worn)
 i - a +0 scale mail (worn)
Scrolls
 j - 2 scrolls of identify {unknown}
 k - a scroll of teleportation {unknown}
 l - 3 scrolls of remove curse {unknown}
 o - a scroll of noise {unknown}
 r - a scroll of fear {unknown}
 s - 2 scrolls of enchant armour {unknown}
 v - a scroll of immolation {unknown}
Potions
 d - a potion of might
 q - a potion of degeneration {unknown}
Comestibles
 f - 4 rations
 t - 4 chunks of flesh


   Skills:
 - Level 3.9 Fighting
 + Level 6.2 Axes
 - Level 3.8 Armour
 - Level 3.9 Shields


You had 4 spell levels left.
You didn't know any spells.

Dungeon Overview and Level Annotations

Branches:
Dungeon (3/15)

Altars:
Elyvilon
Okawaru
Vehumet
Wu Jian
Xom


Innate Abilities, Weirdness & Mutations

You reflexively headbutt those who attack you in melee.
You have a pair of horns on your head.


Message History

You feel sick.
Caerwyn's ghost hits you but does no damage.
You are more poisoned.
Your shield and scale mail prevent you from hitting Caerwyn's ghost.
Caerwyn's ghost is heavily damaged.
* * * LOW HITPOINT WARNING * * *
You feel very sick. Caerwyn's ghost hits you.
* * * LOW HITPOINT WARNING * * *
You are more poisoned.
You slash Caerwyn's ghost!
You destroy Caerwyn's ghost!
Okawaru is honoured by your kill.
Your Axes skill increases to level 6!
You have reached level 5!
* * * LOW HITPOINT WARNING * * *
You feel very sick.
It was a potion of resistance.
You feel protected.
You die...

## .. #. #.### #...#
?..# #..# #@# .. #.#
..# # #.## .## #.#
.+# ### #..#...# #.#
...####.###......#
#.#
..............##...#
#.# .......#..#####
######.#### ##
.......[..# #......#
#. ..........#
#.#.##.# #.


There were no monsters in sight!

Vanquished Creatures
  The ghost of Caerwyn the Magician, an amateur GnWn (D:3)
  3 adders
  3 worms
  3 dart slugs
  3 leopard geckos (D:1)
  An orc (D:3)
  A ball python (D:2)
  3 goblins (D:1)
  4 hobgoblins
  3 jackals
  8 kobolds
  5 bats
  8 frilled lizards
  3 rats
49 creatures vanquished.

Notes
Turn   | Place    | Note
-------+----------+-------------------------------------------
     0 | D:1      | Auros the Minotaur Fighter began the quest for the Orb.
     0 | D:1      | Reached XP level 1. HP: 19/19 MP: 0/0
    59 | D:1      | Reached XP level 2. HP: 24/27 MP: 1/1
   334 | D:1      | Reached skill level 3 in Axes
   533 | D:2      | Reached XP level 3. HP: 33/33 MP: 2/2
   591 | D:2      | Reached skill level 4 in Axes
  1015 | D:2      | Reached XP level 4. HP: 40/40 MP: 3/3
  1388 | D:3      | Found an iron altar of Okawaru.
  1502 | D:3      | Found a white marble altar of Elyvilon.
  1502 | D:3      | Found an ornate altar of the Wu Jian Council.
  1505 | D:3      | Found a radiant altar of Vehumet.
  1507 | D:3      | Found a shimmering altar of Xom.
  1521 | D:3      | Became a worshipper of Warmaster Okawaru
  1627 | D:3      | Reached skill level 5 in Axes
  1649 | D:3      | Noticed Caerwyn's ghost (amateur GnWn)
  1671 | D:3      | Killed Caerwyn's ghost
  1671 | D:3      | Reached skill level 6 in Axes
  1671 | D:3      | Reached XP level 5. HP: 7/46 MP: 4/4
  1672 | D:3      | Succumbed to Caerwyn's ghost's poison

Vault maps used:
D:1:      minmay_arrival_four_circles, minmay_misc_feat_five
D:3:      minitemple, first_ration, gup_sewer_entry_bowl, skrybe_limestone_x,
          uniq_jessica

Skill      XL: |  1  2  3  4 |
---------------+-------------+-----
Axes           | 3 4 6 |  6.2
Fighting       | |  3.9
Armour         | |  3.8
Shields        | |  3.9

Action                   |  1- 3 |  4- 6 || total
-------------------------+-------+-------++-------
Melee: War axe           |    88 |    38 ||   126
       Headbutt          |     7 |     7 ||    14
Throw: Tomahawk          |       |     3 ||     3
  Use: Potion            |       |     2 ||     2
  Eat: Chunk             |     1 |     2 ||     3
Armor: Scale mail        |    35 |    19 ||    54
Dodge: Dodged            |    26 |    13 ||    39
Block: Shield            |    39 |    14 ||    53

Table legend:
 A = Spawn XP
 B = Non-spawn XP
 C = Spawn XP percentage of total XP
 D = Spawn monster count
 E = Non-spawn monster count
 F = Spawn count percentage of total count
 G = Total turns spent on level
                    A         B        C        D         E        F      G
               +---------+---------+-------+---------+---------+-------+---------
         Total |       0 |     241 |   0.0 |       0 |      49 |   0.0 |  1672
               +---------+---------+-------+---------+---------+-------+---------
           D:1 |       0 |      38 |   0.0 |       0 |      22 |   0.0 |   507
           D:2 |       0 |      60 |   0.0 |       0 |      15 |   0.0 |   826
           D:3 |       0 |     143 |   0.0 |       0 |      12 |   0.0 |   339
               +---------+---------+-------+---------+---------+-------+---------
